 Dungeon Crawl Stone Soup version 0.21-a0-140-g479285b (webtiles) character file.

1074 Leszczynek the Archer (level 8, -2/47 HPs)
             Began as a Deep Elf Hunter on July 20, 2017.
             Was a Priest of Uskayaw.
             Slain by an orc warrior
             ... wielding a +0 dire flail
              (6 damage)
             ... on level 7 of the Dungeon.
             The game lasted 00:24:44 (4133 turns).

Leszczynek the Archer (Deep Elf Hunter)             Turns: 4133, Time: 00:24:44

Health: -2/47      AC:  9    Str: 11    XL:     8   Next: 7%
Magic:  10/10      EV: 10    Int: 17    God:    Uskayaw [***...]
Gold:   258        SH:  0    Dex: 15    Spells: 4/7 levels left

rFire    . . .     SeeInvis +   a - +2 shortbow
rCold    + . .     Gourm    .   (shield currently unavailable)
rNeg     . . .     Faith    .   c - +3 scale mail
rPois    .         Spirit   .   (no helmet)
rElec    .         Reflect  .   (no cloak)
rCorr    .         Harm     .   (no gloves)
MR       .....                  (no boots)
Stlth    ..........             s - amulet of magic regeneration
HPRegen  0.15/turn              w - ring of see invisible
MPRegen  0.37/turn              x - ring of protection from cold

@: no status effects
A: no striking features
a: Stomp, Line Pass, Renounce Religion


You were on level 7 of the Dungeon.
You worshipped Uskayaw.
Uskayaw was noncommittal.
You were hungry.

You visited 2 branches of the dungeon, and saw 9 of its levels.

You collected 258 gold pieces.

Inventory:

Hand Weapons
 a - a +2 shortbow (weapon)
 b - a +0 quarterstaff
 n - a +0 spear of piercing
 q - a +0 short sword
Missiles
 f - 14 arrows (quivered)
Armour
 c - a +3 scale mail (worn)
 o - a +1 ring mail
 r - the +0 ring mail of the Yeti {rC+ MR++}
   (You took it off an orc on level 5 of the Dungeon)

   It protects you from cold.
   It affects your resistance to hostile enchantments.
Jewellery
 s - an amulet of magic regeneration (around neck)
 w - a ring of see invisible (left hand)
 x - a ring of protection from cold (right hand)
Wands
 v - a wand of random effects (12/48)
Scrolls
 e - a scroll of fear
 h - 2 scrolls of enchant armour
 k - a scroll of fog {unknown}
 p - a scroll of holy word {unknown}
Potions
 j - a potion of ambrosia
 l - a potion of invisibility
 m - a potion of curing {@q1}
 u - a potion of degeneration {unknown}
Books
 i - a book of Misfortune

   Spells                             Type                      Level
   a - Confusing Touch                Hexes                        1
   b - Confuse                        Hexes                        3
   c - Gell's Gravitas                Translocation                3
   d - Petrify                        Transmutation/Earth          4
   e - Metabolic Englaciation         Hexes/Ice                    5
   f - Yara's Violent Unravelling     Hexes/Transmutation          5
Comestibles
 d - 5 bread rations
 g - 2 fruits
 t - a meat ration
 z - a royal jelly


   Skills:
 + Level 3.6 Fighting
 * Level 9.8 Bows
 - Level 4.0 Dodging
 - Level 1.2 Stealth
 + Level 1.0 Invocations


You had 4 spell levels left.
You knew the following spells:

 Your Spells              Type           Power        Failure   Level  Hunger
a - Confuse               Hex            #.......     99%         3    ####...


Dungeon Overview and Level Annotations

Branches:
Dungeon (8/15)             Temple (1/1) D:7
   Lair: D:8-11

Altars:
Cheibriados
Elyvilon
Fedhas
Gozag
Hepliaklqana
Kikubaaqudgha
Makhleb
Okawaru
Qazlal
Ru
Uskayaw
Vehumet
Xom
Yredelemnul
Zin

Shops:
D:6 (

Annotations:
D:4 exclusion: worker ant
D:7 4 runed doors


Message History

You are too injured to fight recklessly!
a - a +2 shortbow (weapon)
You are too injured to fight recklessly!
You are too injured to fight recklessly!
Firing (i - inventory):
f - 16 arrows (quivered)
Press: ? - help, Shift-Dir - straight line, f/p - orc warrior
Aim: an orc warrior, wielding a dire flail and wearing a plate armour (almost dead)
You shoot an arrow.
The arrow hits the orc warrior but does no damage.
The orc warrior is almost dead.
The orc warrior hits you with a dire flail!
* * * LOW HITPOINT WARNING * * *
Firing (i - inventory):
f - 15 arrows (quivered)
Press: ? - help, Shift-Dir - straight line, f/p - orc warrior
Aim: an orc warrior, wielding a dire flail and wearing a plate armour (almost dead)
You shoot an arrow.
The arrow hits the orc warrior but does no damage.
The orc warrior is almost dead.
The orc warrior hits you with a dire flail.
You die...

#.. #####.####. .#
...#... #..# .#
########.#.##.#..# .#
..............#..# .#
...##......####.. .#
.#...............# .#
.#..............#####.###
.##.#...........@o)(...(#
....#..########.#####.###
#####.........#.# ...
......######.##.# ..##
................# ..#
.......#####.#### o.#
++###...........# o.#
hhhH#.........#.# ..#
hhh.#.........#.#


You could see an orc warrior.

Vanquished Creatures
  2 ice beasts
  A sky beast (D:7)
  A necrophage (D:6)
  2 howler monkeys (D:5)
  A hound (D:6)
  A bullfrog zombie (D:7)
  A centaur skeleton (D:6)
  3 orc priests
  6 orc wizards
  2 bullfrog skeletons
  2 worker ants (D:7)
  A hound skeleton (D:7)
  A worker ant zombie (D:6)
  6 adders
  2 shadow imps
  An adder skeleton (D:5)
  An adder zombie (D:5)
  A dart slug (D:1)
  3 leopard geckos
  19 orcs
  4 giant cockroaches
  2 goblins (D:2)
  4 hobgoblins
  7 jackals (D:3)
  3 kobolds
  A quokka (D:4)
  A ball python (D:7)
  2 bats
  5 frilled lizards
  A leopard gecko skeleton (D:7)
  6 rats
93 creatures vanquished.

Notes
Turn   | Place    | Note
-------+----------+-------------------------------------------
     0 | D:1      | Leszczynek the Deep Elf Hunter began the quest for the Orb.
     0 | D:1      | Reached XP level 1. HP: 12/12 MP: 3/3
   185 | D:1      | Reached XP level 2. HP: 16/16 MP: 4/4
   198 | D:1      | Reached skill level 5 in Bows
   236 | D:1      | unarmed hobgoblin too strong
   304 | D:1      | the rat is killing me, send help
   677 | D:2      | Reached XP level 3. HP: 13/20 MP: 5/5
  1244 | D:3      | Reached skill level 6 in Bows
  1461 | D:4      | Reached XP level 4. HP: 21/25 MP: 6/6
  1602 | D:5      | Entered Level 5 of the Dungeon
  1652 | D:5      | Reached skill level 7 in Bows
  1652 | D:5      | Reached XP level 5. HP: 22/29 MP: 7/7
  2146 | D:7      | Learned a level 3 spell: Confuse
  2198 | D:7      | Reached skill level 8 in Bows
  2198 | D:7      | Reached XP level 6. HP: 28/34 MP: 8/8
  2231 | D:7      | Found a staircase to the Ecumenical Temple.
  2349 | D:6      | Found a hide-covered altar of Uskayaw.
  2378 | D:6      | Found a radiant altar of Vehumet.
  2455 | D:6      | Reached skill level 3 in Dodging
  2472 | D:6      | Reached skill level 2 in Fighting
  2487 | D:6      | Found Rean's Weapon Shoppe.
  2491 | D:6      | demon blade
  2508 | D:6      | Noticed an ice beast
  2566 | D:5      | Got a brightly glowing ring mail
  2577 | D:5      | Identified the +0 ring mail of the Yeti {rC+ MR++} (You took it off an orc on level 5 of the Dungeon)
  2577 | D:5      | hm
  2941 | D:6      | Killed an ice beast
  2941 | D:6      | Reached XP level 7. HP: 25/40 MP: 9/9
  3001 | D:7      | Reached skill level 4 in Dodging
  3160 | D:7      | Reached skill level 9 in Bows
  3164 | D:7      | Reached skill level 3 in Fighting
  3224 | D:7      | Found a huge runed gate.
  3224 | D:7      | Found a huge runed gate.
  3224 | D:7      | Found a huge runed gate.
  3224 | D:7      | Found a huge runed gate.
  3224 | D:7      | Noticed a hippogriff
  3224 | D:7      | Noticed a polar bear
  3224 | D:7      | Noticed a hog
  3224 | D:7      | Noticed a hippogriff
  3224 | D:7      | Noticed a hog
  3225 | D:7      | Noticed a manticore
  3225 | D:7      | Noticed a polar bear
  3225 | D:7      | Noticed a death yak
  3225 | D:7      | Noticed a polar bear
  3225 | D:7      | Noticed a yak
  3225 | D:7      | Noticed a polar bear
  3226 | D:7      | Noticed a yak
  3226 | D:7      | wat
  3297 | Temple   | Entered the Ecumenical Temple
  3433 | Temple   | shit sux
  3433 | Temple   | gimme uska then
  3533 | D:6      | Became a worshipper of Uskayaw the Reveler
  3548 | D:6      | Reached * piety under Uskayaw
  3557 | D:6      | Reached ** piety under Uskayaw
  3570 | D:6      | Reached *** piety under Uskayaw
  3869 | D:8      | Noticed a two-headed ogre
  4033 | D:7      | Reached XP level 8. HP: 28/46 MP: 10/10
  4036 | D:7      | Reached skill level 1 in Invocations
  4132 | D:7      | HP: 4/47 [orc warrior/dire flail (16)]
  4133 | D:7      | Slain by an orc warrior

Vault maps used:
D:1:      minmay_arrival_nine_rooms
D:2:      lemuel_blue_sif_altar, lemuel_coloured_pillars_altar
D:3:      first_bread
D:4:      minmay_misc_feat_four_crosses
D:5:      kennysheep_little_box, grunt_temple_overflow_open
D:6:      nicolae_overflow_crystal_walls, lemuel_doored_altar, serial_shops,
          shop, basic_altar
D:7:      lemuel_bear_cage, temple_doors_cd
Temple:   dpeg_chambers_temple

Skill      XL: |  1  2  3  4  5  6  7  8 |
---------------+-------------------------+-----
Bows           | 5 6 7 8 9 |  9.8
Dodging        | 3 4 |  4.0
Fighting       | 2 3 |  3.6
Invocations    | 1 |  1.0
Stealth        | |  1.2

Action                   |  1- 3 |  4- 6 |  7- 9 || total
-------------------------+-------+-------+-------++-------
Melee: Short sword       |    35 |       |       ||    35
       Quarterstaff      |    36 |    52 |    30 ||   118
 Fire: Shortbow          |    73 |   138 |   104 ||   315
  Use: Scroll            |       |    10 |       ||    10
       Potion            |       |       |     1 ||     1
 Stab: Sleeping          |     1 |       |       ||     1
       Paralysed         |       |       |     1 ||     1
  Eat: Chunk             |     2 |     4 |     3 ||     9
       Fruit             |       |     1 |       ||     1
Armor: Leather armour    |     9 |       |       ||     9
       Ring mail         |    27 |    31 |    21 ||    79
       Scale mail        |       |       |     5 ||     5
Dodge: Dodged            |    53 |    64 |    46 ||   163
